 Dungeon Sprint DCSS version 0.29-a0-468-ge57f7f99b4 (webtiles) character file.

Game seed: 1898489369603633702

7303 mhtbhm the Severer (level 11, -6/114 HPs)
             Began as a Hill Orc Fighter on May 21, 2022.
             Was the Champion of Beogh.
             Mangled by a dire elephant (24 damage)
             ... in the Dungeon (Sprint III: "The Ten Rune Challenge").
             The game lasted 00:05:12 (3113 turns).

mhtbhm the Severer (Hill Orc Fighter)               Turns: 3113, Time: 00:05:13

Health: -6/114     AC:  9    Str: 22    XL:     11   Next: 13%
Magic:  11/11      EV: 11    Int:  8    God:    Beogh [******]
Gold:   2372       SH:  6    Dex: 10    Spells: 10/10 levels left

rFire   . . .      SeeInvis .   a - +0 war axe
rCold   . . .      Faith    .   c - +0 buckler
rNeg    . . .      Spirit   .   b - +0 scale mail
rPois   +          Reflect  .   (no helmet)
rElec   .          Harm     .   (no cloak)
rCorr   .          Rampage  .   (no gloves)
Will    .....      Clarity  +   (no boots)
Stlth   +......... NoTele   +   (no amulet)
HPRegen 0.29/turn               (no ring)
MPRegen 0.12/turn               (no ring)

@: mighty
A: walk on water, claws 1, clarity, poison resistance, weak 1
a: Renounce Religion, Smiting, Recall Orcish Followers, Give Item to Named
Follower, Resurrection


You were in the Dungeon.
You worshipped Beogh.
Beogh was exalted by your worship.
You visited 1 branch You collected 2392 gold pieces.
You spent 20 gold pieces at shops.

Inventory:

Hand Weapons
 a - a +0 war axe (weapon)
 n - a +0 great sword of electrocution
Armour
 b - a +0 scale mail (worn)
 c - a +0 buckler (worn)
Scrolls
 j - a scroll of blinking
 k - 2 scrolls of poison
 l - 2 scrolls of identify
Potions
 e - 3 potions of curing
 g - a potion of haste
 h - 2 potions of magic
 i - a potion of mutation
Miscellaneous
 m - a piece from Xom's chessboard (15/15)


   Skills:
 + Level 15.8 Fighting
 + Level 20.3 Axes
 + Level 13.9 Armour
 + Level 3.7 Dodging
 + Level 3.8 Stealth
 + Level 10.6 Shields
 + Level 1.0 Invocations
 + Level 2.7 Evocations


You had 10 spell levels left.
You didn't know any spells.
Your spell library contained the following spells:

 Spells                   Type           Power      Damage    Failure   Level
 Apportation              Tloc           0%         N/A       71%         1
 Foxfire                  Conj/Fire      0%         2x1d4     71%         1
 Necrotize                Necr           0%         1d4       71%         1
 Summon Small Mammal      Summ           0%         N/A       71%         1
 Conjure Flame            Conj/Fire      0%         6-21      97%         3
 Inner Flame              Hex/Fire       0%         N/A       97%         3
 Flame Wave               Conj/Fire      0%         2d4       100%        4


Dungeon Overview and Level Annotations

Branches:
Dungeon (1/1)

Altars:
Cheibriados
Dithmenos
Elyvilon
Fedhas
Gozag
Hepliaklqana
Kikubaaqudgha
Makhleb
Nemelex Xobeh
Okawaru
Qazlal
Ru
Sif Muna
Trog
Uskayaw
Vehumet
Wu Jian
Xom
Yredelemnul
Zin
The Shining One
Beogh
Jiyva
Lugonu

Shops:
D *

Annotations:
D Gastronok


Innate Abilities, Weirdness & Mutations

You can walk on water.
You have sharp fingernails.
You possess an exceptional clarity of mind.
Your system is resistant to poisons. (rPois)
You are weak. (Str -2)


Message History

You hit the dire elephant.
The dire elephant is lightly wounded.
A nearby plant withers and dies.
The dire elephant tramples you!!
You stumble backwards!
Unknown command.
Unknown command.
You hit the dire elephant but do no damage.
The dire elephant is lightly wounded.
A nearby plant withers and dies.
Your orc knight hits the dire elephant with a +0 great sword.
The elephant tramples you.
You hold your ground!
The elephant trunk-slaps you but does no damage.
The dire elephant tramples you!!
You hold your ground!
The dire elephant trunk-slaps you.
There is an open door, spattered with blood here.
Unknown command.
You feel much better.
Your orc priest looks encouraged for a moment.
You block the dire elephant's attack.
The dire elephant trunk-slaps you but does no damage.
The dire elephant tramples you.
You hold your ground!
The dire elephant trunk-slaps you but does no damage.
The elephant tramples you!
You hold your ground!
The elephant trunk-slaps you but does no damage.
Your orc knight hits the dire elephant with a +0 great sword!
You feel very mighty all of a sudden. The dire elephant closely misses you.
The dire elephant trunk-slaps you! The elephant closely misses you.
You block the elephant's attack. The dire elephant tramples you!!
* * * LOW HITPOINT WARNING * * *
You stumble backwards!
Your orc knight hits the dire elephant with a +0 great sword!
You hit the dire elephant.
The dire elephant is lightly wounded.
You hit the dire elephant.
Unknown command.
Unknown command.
The dire elephant attacks as you move away!
The dire elephant tramples you!!
You die...

▓#.####.##..###...'.⌠).
▓.###..##..####...#...#
▓#.....##..###....#.⌠.#
###..##...##÷....#...#
##..##....#......#)###
#..###..##.#.....#)..#
#..# #..#####....#___#
▓▓▓▓▓▓▓▓▓▓▓▓▓▓▓▓▓▓▓▓▓▓
▓..YY@≈≈§≈≈≈≈≈♣♣.....♣
▓.wY#Y≈§§o§..≈♣♣o≈≈≈≈'
▓..P#oo≈§§o§≈†≈o.....#
▓...#≈≈o≈§§§≈o♣♣♣♣♣♣♣#
▓..)#≈≈≈o≈≈≈≈≈♣ #
▓##+####+###### ♣♣ ♣.
♣♣ ♣


You could see Gastronok, 2 dire elephants, 2 elephants, a friendly orc knight, a
friendly orc warrior, 2 friendly orc priests and 2 friendly orcs.

Vanquished Creatures
  Erolcha (D)
  A lindwurm (D)
  A deep elf pyromancer (D)
  2 cane toads (D)
  A rime drake (D)
  A komodo dragon (D)
  4 blink frogs (D)
  2 tyrant leeches (D)
  3 wandering mushrooms (D)
  A shadow (D)
  4 redbacks (D)
  A spatial vortex (D)
  A swamp drake (D)
  5 two-headed ogres (D)
  A scorpion (D)
  A water elemental (D)
  A necrophage (D)
  A jelly (D)
  Jessica (D)
  A wizard (D)
  A necromancer (D)
  3 humans (D)
  A kobold demonologist (D)
  An endoplasm (D)
  A rat (D)
41 creatures vanquished.

Vanquished Creatures (collateral kills)
  Urug (D)
  An orc high priest (D)
  A blink frog (D)
  A redback (D)
  An orc priest (D)
  3 orcs (D)
  A kobold (D)
9 creatures vanquished.

Vanquished Creatures (others)
  2 hydras (D)
  An orc high priest (D)
  An orc priest (D)
  An orc warrior (D)
  An orc wizard (D)
  6 orcs (D)
  A ballistomycete spore (D)
  5 plants (D)
18 creatures vanquished.

Grand Total: 68 creatures vanquished

Notes
Turn   | Place    | Note
-------+----------+-------------------------------------------
     0 | D        | mhtbhm the Hill Orc Fighter began the quest for the Orb.
     0 | D        | Reached XP level 1. HP: 19/19 MP: 1/1
    24 | D        | Noticed Jessica
    28 | D        | Killed Jessica
    29 | D        | Reached skill level 5 in Fighting
    29 | D        | Reached skill level 3 in Axes
    29 | D        | Reached XP level 2. HP: 28/29 MP: 2/2
    29 | D        | Reached XP level 3. HP: 35/36 MP: 3/3
    50 | D        | Noticed a scorpion
    54 | D        | Killed a scorpion
    55 | D        | Reached skill level 4 in Axes
    55 | D        | Reached skill level 5 in Shields
    55 | D        | Reached XP level 4. HP: 45/45 MP: 4/4
    63 | D        | Reached skill level 5 in Axes
   156 | D        | Gained mutation: You are weak. (Str -2) [potion of
                  | mutation]
   156 | D        | Gained mutation: You have sharp fingernails. [potion of
                  | mutation]
   156 | D        | Gained mutation: Your system is resistant to poisons.
                  | (rPois) [potion of mutation]
   156 | D        | Gained mutation: You possess an exceptional clarity of
                  | mind. [potion of mutation]
   157 | D        | Noticed a water elemental
   163 | D        | Killed a water elemental
   164 | D        | Reached skill level 6 in Axes
   164 | D        | Reached XP level 5. HP: 53/53 MP: 5/5
   250 | D        | Found a hide-covered altar of Uskayaw.
   250 | D        | Found a roughly hewn altar of Beogh.
   250 | D        | Found an iron altar of Okawaru.
   250 | D        | Found a bloodstained altar of Trog.
   250 | D        | Found an ornate altar of the Wu Jian Council.
   250 | D        | Noticed a human
   251 | D        | Noticed a human
   254 | D        | Killed a human
   255 | D        | Reached skill level 8 in Axes
   255 | D        | Reached XP level 6. HP: 63/63 MP: 6/6
   262 | D        | Killed a human
   263 | D        | Reached skill level 10 in Fighting
   263 | D        | Reached skill level 9 in Axes
   263 | D        | Reached XP level 7. HP: 66/72 MP: 7/7
   377 | D        | Became a worshipper of Beogh the Brigand
   393 | D        | Found a radiant altar of Vehumet.
   393 | D        | Found a shimmering blue altar of Sif Muna.
   393 | D        | Found an ancient bone altar of Kikubaaqudgha.
   423 | D        | Found a basalt altar of Yredelemnul.
   423 | D        | Found a shadowy altar of Dithmenos.
   423 | D        | Found a sacrificial altar of Ru.
   425 | D        | Reached * piety under Beogh
   430 | D        | Reached skill level 10 in Axes
   444 | D        | Found a glowing silver altar of Zin.
   445 | D        | Found a glowing golden altar of the Shining One.
   445 | D        | Found a white marble altar of Elyvilon.
   445 | D        | Noticed a deep elf pyromancer
   456 | D        | Killed a deep elf pyromancer
   457 | D        | Reached skill level 12 in Axes
   457 | D        | Reached skill level 10 in Armour
   457 | D        | Reached skill level 1 in Dodging
   457 | D        | Reached XP level 8. HP: 58/83 MP: 8/8
   573 | D        | Reached ** piety under Beogh
   593 | D        | Noticed a shadow
   599 | D        | Killed a shadow
   704 | D        | Found a blossoming altar of Fedhas.
   704 | D        | Found a stormy altar of Qazlal.
   704 | D        | Found a snail-covered altar of Cheibriados.
   704 | D        | Found a burning altar of Makhleb.
   704 | D        | Found a shimmering altar of Xom.
   705 | D        | Found a hazy altar of Hepliaklqana.
   705 | D        | Found an opulent altar of Gozag.
   705 | D        | Found a sparkling altar of Nemelex Xobeh.
   705 | D        | Found a corrupted altar of Lugonu.
   705 | D        | Found a viscous altar of Jiyva.
   717 | D        | Reached skill level 13 in Axes
   810 | D        | Reached *** piety under Beogh
   821 | D        | Reached skill level 14 in Axes
   826 | D        | Noticed a two-headed ogre
   833 | D        | Killed a two-headed ogre
   834 | D        | Reached XP level 9. HP: 53/92 MP: 9/9
   840 | D        | Noticed a two-headed ogre
   840 | D        | Noticed Erolcha
   849 | D        | Killed Erolcha
   850 | D        | Reached skill level 16 in Axes
   850 | D        | Reached skill level 1 in Stealth
   850 | D        | Reached skill level 1 in Evocations
   854 | D        | Killed a two-headed ogre
   855 | D        | Reached skill level 17 in Axes
   855 | D        | Reached **** piety under Beogh
   869 | D        | Noticed a wandering mushroom
   874 | D        | Noticed a wandering mushroom
   876 | D        | Noticed a wandering mushroom
  1082 | D        | Killed a five-headed hydra
  1184 | D        | Killed a wandering mushroom
  1185 | D        | Reached XP level 10. HP: 95/102 MP: 10/10
  1189 | D        | Reached ***** piety under Beogh
  1190 | D        | Reached skill level 18 in Axes
  1264 | D        | Found Kulubb Waxes's General Store.
  1265 | D        | Noticed an orc knight
  1265 | D        | Noticed an orc high priest
  1266 | D        | Noticed an orc high priest
  1269 | D        | Noticed a sixfirhy
  1274 | D        | Killed an orc high priest
  1356 | D        | Killed an eight-headed hydra
  1371 | D        | Bought a scroll of identify for 20 gold pieces
  1505 | D        | Noticed a cane toad
  1505 | D        | Noticed a cane toad
  1509 | D        | Killed a cane toad
  1509 | D        | Reached ****** piety under Beogh
  1510 | D        | Reached skill level 10 in Shields
  1513 | D        | Killed a cane toad
  1514 | D        | Reached skill level 19 in Axes
  2462 | D        | Noticed a lindwurm
  2471 | D        | Killed a lindwurm
  2486 | D        | Reached skill level 15 in Fighting
  2685 | D        | Noticed Urug
  2692 | D        | Killed Urug
  2693 | D        | Reached skill level 20 in Axes
  2693 | D        | Reached XP level 11. HP: 54/112 MP: 11/11
  2936 | D        | Reached skill level 1 in Invocations
  3101 | D        | Noticed a dire elephant
  3101 | D        | Noticed a dire elephant
  3102 | D        | Noticed Gastronok
  3113 | D        | Mangled by a dire elephant

Illustrated notes

Levels and vault maps discovered:
D:        dungeon_sprint_mu [sprint_mu_entry_cave, sprint_mu_temple_rooms,
          sprint_mu_d1_spiders, sprint_mu_d2_genie, sprint_mu_d3_branching,
          sprint_mu_orc_legion, sprint_mu_elf_gauntlet, sprint_mu_hive_nellie,
          sprint_mu_lair_fedhas, sprint_mu_vaults_butterflies,
          sprint_mu_slime_circle, sprint_mu_shoals_kraken,
          sprint_mu_snake_twists, sprint_mu_blade_basic,
          sprint_mu_crypt_chambers, sprint_mu_tomb_spiral,
          sprint_mu_vestibule_basic, sprint_mu_gehenna_hellfire,
          sprint_mu_dis_giant, sprint_mu_tartarus_statrot,
          sprint_mu_cocytus_islands, sprint_mu_zot1]

Skill      XL: |  1  2  3  4  5  6  7  8  9 10 11 |
---------------+----------------------------------+-----
Fighting       | 5 6 7 9 10 11 12 13 15 | 15.8
Axes           | 3 4 6 8 9 12 14 17 20 | 20.3
Armour         | 4 6 7 8 10 11 13 | 13.9
Shields        | 4 5 6 7 8 9 10 | 10.6
Dodging        | 1 2 3 |  3.7
Stealth        | 1 3 |  3.8
Evocations     | 1 2 |  2.7
Invocations    | 1 |  1.0

Action                   |  1- 3 |  4- 6 |  7- 9 | 10-12 || total
-------------------------+-------+-------+-------+-------++-------
Melee: War axe           |     7 |    23 |    79 |   115 ||   224
Invok: Recall Orcish Fol |       |       |       |     1 ||     1
Evoke: Piece from Xom's  |       |       |     2 |     3 ||     5
  Use: Potion            |     1 |     3 |     4 |     3 ||    11
       Scroll            |       |       |       |     1 ||     1
 Stab: Distracted        |       |       |       |     2 ||     2
Armor: Scale mail        |     3 |     3 |    11 |    24 ||    41
Dodge: Dodged            |       |     5 |    14 |    36 ||    55
Block: Buckler           |     3 |     4 |    16 |    16 ||    39

Table legend: (Time is in decaauts)
 A = Elapsed time spent in this place.
 B = Non-inter-level travel time spent in this place.
 C = Inter-level travel time spent in this place.
 D = Time resting spent in this place.
 E = Time spent auto-exploring this place.
 F = Levels seen in this place.
 G = Mean time per level.
                   A        B        C        D        E       F      G
               +--------+--------+--------+--------+--------+-----+--------+
         Total |   3087 |   3087 |      0 |   2324 |     31 |   1 | 3087.0 |
       Dungeon |   3087 |   3087 |      0 |   2324 |     31 |   1 | 3087.0 |
               +--------+--------+--------+--------+--------+-----+--------+

Top non-repeatable levels by time:
       D: 3087 daAuts
